 Dungeon Crawl Stone Soup version 0.21.1-1-g345015f (webtiles) character file.

51 Krilegs the Shooter (level 3, 0/30 HPs)
             Began as a Centaur Hunter on May 7, 2018.
             Succumbed to a gnoll's poison
             ... on level 2 of the Dungeon.
             The game lasted 00:04:09 (1503 turns).

Krilegs the Shooter (Centaur Hunter)                Turns: 1503, Time: 00:04:09

Health: 0/30       AC:  5    Str: 14    XL:     3   Next: 57%
Magic:  3/3        EV:  9    Int: 10    God:
Gold:   102        SH:  0    Dex: 10    Spells: 2/2 levels left

rFire    . . .     SeeInvis .   a - +2 shortbow
rCold    . . .     Gourm    .   (shield currently unavailable)
rNeg     . . .     Faith    .   c - +1 leather armour
rPois    .         Spirit   .   (no helmet)
rElec    .         Reflect  .   (no cloak)
rCorr    .         Harm     .   (no gloves)
MR       .....                  (no barding)
Stlth    +.........             (no amulet)
HPRegen  0.10/turn              (no ring)
MPRegen  0.08/turn              (no ring)

@: lethally poisoned (0 -> -1), very quick
A: large, hooves 3, deformed body, speed 2, tough skin 3
a: no special abilities


You were on level 2 of the Dungeon.
You were hungry.

You visited 1 branch of the dungeon, and saw 2 of its levels.

You collected 102 gold pieces.

Inventory:

Hand Weapons
 a - a +2 shortbow (weapon)
 b - a +0 short sword
Armour
 c - a +1 leather armour (worn)
Jewellery
 l - an uncursed amulet of faith {unknown}
Scrolls
 e - a scroll of teleportation
 i - a scroll of identify {unknown}
 j - a scroll of enchant weapon
 m - a scroll of remove curse {unknown}
Potions
 g - 2 potions of haste {unknown}
 h - 2 potions of heal wounds {unknown}
 k - a potion of berserk rage {unknown}
 n - a potion of resistance {unknown}
Comestibles
 f - 2 rations


   Skills:
 + Level 2.3 Fighting
 + Level 6.7 Bows
 + Level 0.1 Armour
 + Level 1.4 Dodging
 + Level 0.4 Stealth


You had 2 spell levels left.
You didn't know any spells.

Dungeon Overview and Level Annotations

Branches:
Dungeon (2/15)

Altars:
Xom


Innate Abilities, Weirdness & Mutations

You have hooves in place of feet.
Armour fits poorly on your strangely shaped body.
You cover ground very quickly.
You have extremely tough skin. (AC +3)


Message History

The gnoll barely misses you.
You completely miss the gnoll. Your kick misses the gnoll.
The gnoll is lightly wounded.
The gnoll hits you with a spear of chaos.
* * * LOW HITPOINT WARNING * * *
You are poisoned.
The gnoll hits you with a spear of chaos.
* * * LOW HITPOINT WARNING * * *
* * * LOW HITPOINT WARNING * * *
You feel sick. The gnoll hits you but does no damage.
There is an open door here.
* * * LOW HITPOINT WARNING * * *
You feel sick.
* * * LOW HITPOINT WARNING * * *
You feel sick.
* * * LOW HITPOINT WARNING * * *
You feel sick.
* * * LOW HITPOINT WARNING * * *
You feel sick.
You die...

#.######.# #.#....#.#
#.#.##.#.# ##### #.#.##.#.#
#.... #.#..#.#.########....
#########....................
#.......#>...................
##.####.#....#.#.########....
#.#....g...@..#.....# #####
#.##.#.#....###.....#####
#....#.#......#.....'...#
######.#...)#.##....###.#
#.#....#'##....# #.#
#.#.......#....###'####
#.#.#.....#...........#
#.#.#.<...#####.......#
#.#.##....# #.......#


You could see a gnoll.

Vanquished Creatures
  An ooze (D:1)
  A worm (D:2)
  3 leopard geckos
  7 bats
  3 giant cockroaches
  6 goblins
  7 hobgoblins
  2 ball pythons (D:1)
  4 frilled lizards
  A kobold (D:2)
  3 rats
38 creatures vanquished.

Notes
Turn   | Place    | Note
-------+----------+-------------------------------------------
     0 | D:1      | Krilegs the Centaur Hunter began the quest for the Orb.
     0 | D:1      | Reached XP level 1. HP: 17/17 MP: 1/1
   288 | D:1      | Reached XP level 2. HP: 24/24 MP: 2/2
   320 | D:1      | Reached skill level 6 in Bows
   609 | D:2      | Reached XP level 3. HP: 26/29 MP: 3/3
   815 | D:2      | Found a shimmering altar of Xom.
   818 | D:2      | Paralysed by a gnoll for 6 turns
  1498 | D:2      | HP: 1/30 [poisoned by a gnoll]
  1503 | D:2      | Succumbed to a gnoll's poison

Skill      XL: |  1  2 |
---------------+-------+-----
Bows           | 6 |  6.7
Fighting       | |  2.3
Armour         | |  0.1
Dodging        | |  1.4
Stealth        | |  0.4

Action                   || total
-------------------------++-------
Melee: Shortbow          ||     7
       Short sword       ||     6
       Kick              ||     3
 Fire: Shortbow          ||    92
  Use: Scroll            ||     4
Armor: Leather armour    ||    16
Dodge: Dodged            ||    19
